 Dungeon Crawl Stone Soup version 0.26.1-2-gb8aa6d0cf2 (webtiles) character file.

Game seed: 15212191894579686002

2853 jlumianski the Magician (level 9, 0/71 HPs)
             Began as a Gnoll Warper on Mar 25, 2021.
             Was an Initiate of Makhleb.
             Slain by an orc warrior
             ... wielding a +0 trident
              (5 damage)
             ... on level 7 of the Dungeon.
             The game lasted 00:35:02 (8433 turns).

jlumianski the Magician (Gnoll Warper)              Turns: 8433, Time: 00:35:03

Health: 0/71       AC: 11    Str: 15    XL:     9   Next: 75%
Magic:  19/19      EV: 14    Int: 24    God:    Makhleb [......]
Gold:   241        SH:  0    Dex: 14    Spells: 13/21 levels left

rFire    . . .     SeeInvis .   K - +2 hand axe (vorpal)
rCold    . . .     Faith    .   (no shield)
rNeg     . . .     Spirit   .   l - +1 ring mail {Will+}
rPois    .         Reflect  .   m - +2 helmet
rElec    .         Harm     .   x - +0 cloak
rCorr    .         Rampage  .   (no gloves)
Will     +....                  (no boots)
Stlth    ++........             k - amulet of magic regeneration
HPRegen  0.21/turn              C - +6 ring of intelligence
MPRegen  0.41/turn              (no ring)

@: no status effects
A: distributed training, fangs 1, strong nose
a: Renounce Religion


You were on level 7 of the Dungeon.
You worshipped Makhleb.
Makhleb was noncommittal.
You visited 2 branches of the dungeon, and saw 9 of its levels.

You collected 241 gold pieces.

Inventory:

Hand Weapons
 a - a +0 hand axe
 c - a +0 short sword of draining
 t - a +0 war axe
 A - a +0 whip of freezing
 D - a cursed +4 morningstar
 E - a +3 mace of protection
 F - a +4 halberd of freezing
 G - a +4 quarterstaff of chaos
 I - a +1 quarterstaff of draining
 K - a +2 vorpal hand axe (weapon)
Missiles
 e - 5 boomerangs of dispersal
 g - 152 stones
 o - 4 silver boomerangs
 u - 2 boomerangs (quivered)
Armour
 b - a +0 leather armour
 d - a +2 kite shield
 l - a +1 ring mail of willpower (worn)
 m - a +2 helmet (worn)
 s - a +0 ring mail
 x - a +0 cloak (worn)
Jewellery
 k - an amulet of magic regeneration (around neck)
 C - a +6 ring of intelligence (left hand)
Wands
 v - a wand of digging (6)
 B - a wand of disintegration (14)
Scrolls
 f - 4 scrolls of identify
 h - 8 scrolls of remove curse
 j - a scroll of magic mapping
 q - a scroll of amnesia
 y - 5 scrolls of enchant weapon
 H - a scroll of teleportation
 J - a scroll of vulnerability {unknown}
Potions
 i - a potion of heal wounds {unknown}
 n - a potion of might
 p - 3 potions of flight
 r - a potion of invisibility {unknown}
 w - 3 potions of degeneration {unknown}
 z - 3 potions of curing {unknown}


   Skills:
 + Level 6.5 Fighting
 + Level 4.5 Short Blades
 + Level 4.5 Long Blades
 + Level 6.5 Axes
 + Level 4.5 Maces & Flails
 + Level 4.5 Polearms
 + Level 4.5 Staves
 + Level 4.5 Slings
 + Level 4.5 Bows
 + Level 4.5 Crossbows
 + Level 5.3 Throwing
 + Level 5.3 Armour
 + Level 6.5 Dodging
 + Level 4.5 Stealth
 + Level 4.5 Shields
 + Level 4.5 Unarmed Combat
 + Level 6.8 Spellcasting
 + Level 3.7 Conjurations
 + Level 3.7 Hexes
 + Level 3.7 Summonings
 + Level 3.7 Necromancy
 + Level 6.7 Translocations
 + Level 3.7 Transmutations
 + Level 3.7 Fire Magic
 + Level 3.7 Ice Magic
 + Level 3.7 Air Magic
 + Level 3.7 Earth Magic
 + Level 3.7 Poison Magic
 + Level 5.0 Invocations
 + Level 4.5 Evocations


You had 13 spell levels left.
You knew the following spells:

 Your Spells              Type           Power        Failure   Level
a - Blink                 Tloc           N/A          1%          2
b - Gell's Gravitas       Tloc           20%          2%          3
c - Teleport Other        Tloc           40%          2%          3

Your spell library contained the following spells:

 Spells                   Type           Power        Failure   Level
 Lesser Beckoning         Tloc           20%          2%          3
 Sandblast                Erth           52%          3%          1
 Passwall                 Tmut/Erth      21%          4%          2
 Stone Arrow              Conj/Erth      52%          9%          3
 Passage of Golubria      Tloc           N/A          9%          4
 Petrify                  Tmut/Erth      26%          28%         4
 Lee's Rapid Deconstruct  Erth           13%          63%         5


Dungeon Overview and Level Annotations

Branches:
Dungeon (8/15)             Temple (1/1) D:6
   Lair: D:8-11

Altars:
Ashenzari
Dithmenos
Elyvilon
Fedhas
Gozag
Hepliaklqana
Kikubaaqudgha
Makhleb
Nemelex Xobeh
Okawaru
Ru
Sif Muna
Trog
Vehumet
Wu Jian
Xom
Yredelemnul
The Shining One

Annotations:
D:7 1 runed translucent door, dtburroughs's ghost, novice MiBe


Innate Abilities, Weirdness & Mutations

Your experience applies equally to all skills.
You have very sharp teeth.
Your uncanny sense of smell can sniff out nearby items.


Message History

The orc warrior closely misses you.
You closely miss the orc warrior. Your bite misses the orc warrior.
The orc warrior hits you with a +0 trident.
You hit the orc warrior but do no damage.
You hit the orc warrior but do no damage.
The orc warrior hits you with a +0 trident!!
You barely miss the orc warrior. The orc warrior closely misses you.
You barely miss the orc warrior. The orc warrior closely misses you.
You barely miss the orc warrior. Your bite misses the orc warrior.
The orc warrior hits you with a +0 trident!!
* * * LOW HITPOINT WARNING * * *
You barely miss the orc warrior.
The orc warrior hits you with a +0 trident.
* * * LOW HITPOINT WARNING * * *
You closely miss the orc warrior.
The orc warrior hits you with a +0 trident.
* * * LOW HITPOINT WARNING * * *
You hit the orc warrior but do no damage.
The orc warrior hits you with a +0 trident.
You die...

#...........#
#...........#
#<..........#
#_...#####.## #....#
#.######## #....#
#........[
#.[..#####.........
#.>..#...'.........
#.@o.#.###.........
#....'.# #.........
#....### #.........
####...# #.........
###.###.........
#...#...........
#.#.#.#.........
######...#.#.........
#..........#.........


You could see an orc warrior.

Vanquished Creatures
  Pikel (D:4)
  Joseph (D:7)
  Grinder (D:6)
  Menkaure (D:5)
  A sky beast (D:6)
  A phantom (D:4)
  An ogre (D:5)
  3 bullfrogs
  Blork the orc (D:4)
  9 wights
  A bullfrog zombie (D:5)
  2 hounds
  2 jellies
  Crazy Yiuf (D:6)
  4 orc priests
  4 orc wizards
  2 bullfrog skeletons (D:5)
  A centaur skeleton (D:5)
  5 worker ants
  5 adders
  2 shadow imps (D:6)
  An ufetubus (D:6)
  4 oozes
  4 worms
  4 dart slugs
  5 leopard geckos
  17 orcs
  4 ball pythons
  13 bats
  5 giant cockroaches
  9 goblins
  4 hobgoblins
  8 jackals
  6 kobolds
  3 quokkas
  4 frilled lizards
  A jackal skeleton (D:5)
  A quokka skeleton (D:6)
  A quokka zombie (D:5)
  7 rats
150 creatures vanquished.

Vanquished Creatures (others)
  A hobgoblin (D:1)
  A bat (D:1)
2 creatures vanquished.

Grand Total: 152 creatures vanquished

Notes
Turn   | Place    | Note
-------+----------+-------------------------------------------
     0 | D:1      | jlumianski the Gnoll Warper began the quest for the Orb.
     0 | D:1      | Reached XP level 1. HP: 20/20 MP: 6/6
    53 | D:1      | Reached XP level 2. HP: 17/26 MP: 7/7
    56 | D:1      | Learned a level 2 spell: Blink
   267 | D:2      | Found a faded altar of an unknown god.
   515 | D:1      | Reached XP level 3. HP: 24/31 MP: 9/9
   600 | D:1      | Reached skill level 5 in Spellcasting
   941 | D:1      | Reached skill level 1 in Invocations
  1132 | D:1      | Reached skill level 1 in Short Blades
  1132 | D:1      | Reached skill level 1 in Long Blades
  1132 | D:1      | Reached skill level 1 in Maces & Flails
  1132 | D:1      | Reached skill level 1 in Polearms
  1132 | D:1      | Reached skill level 1 in Staves
  1132 | D:1      | Reached skill level 1 in Slings
  1132 | D:1      | Reached skill level 1 in Bows
  1132 | D:1      | Reached skill level 1 in Crossbows
  1132 | D:1      | Reached skill level 1 in Stealth
  1132 | D:1      | Reached skill level 1 in Shields
  1132 | D:1      | Reached skill level 1 in Unarmed Combat
  1132 | D:1      | Reached skill level 1 in Evocations
  1400 | D:1      | Learned a level 3 spell: Gell's Gravitas
  1404 | D:1      | Learned a level 3 spell: Teleport Other
  1491 | D:2      | Reached XP level 4. HP: 23/38 MP: 11/11
  1510 | D:2      | Reached skill level 1 in Conjurations
  1510 | D:2      | Reached skill level 1 in Hexes
  1510 | D:2      | Reached skill level 1 in Summonings
  1510 | D:2      | Reached skill level 1 in Necromancy
  1510 | D:2      | Reached skill level 1 in Transmutations
  1510 | D:2      | Reached skill level 1 in Fire Magic
  1510 | D:2      | Reached skill level 1 in Ice Magic
  1510 | D:2      | Reached skill level 1 in Air Magic
  1510 | D:2      | Reached skill level 1 in Earth Magic
  1510 | D:2      | Reached skill level 1 in Poison Magic
  1922 | D:2      | Reached XP level 5. HP: 24/43 MP: 12/12
  3311 | D:3      | Found a hazy altar of Hepliaklqana.
  3399 | D:4      | Noticed Blork the orc
  3419 | D:4      | Killed Blork the orc
  3420 | D:4      | Reached XP level 6. HP: 41/50 MP: 13/13
  3463 | D:4      | Noticed a phantom
  3498 | D:4      | Killed a phantom
  3499 | D:4      | Reached skill level 5 in Fighting
  3499 | D:4      | Reached skill level 5 in Axes
  3499 | D:4      | Reached skill level 5 in Dodging
  3714 | D:5      | Entered Level 5 of the Dungeon
  3725 | D:5      | Noticed Pikel
  3760 | D:4      | Killed Pikel
  3761 | D:4      | Reached XP level 7. HP: 15/56 MP: 8/15
  3797 | D:4      | Reached XP level 8. HP: 15/63 MP: 16/16
  4433 | D:5      | Noticed Menkaure
  4442 | D:5      | Killed Menkaure
  5295 | D:6      | Noticed Grinder
  6138 | D:5      | Found a shimmering altar of Xom.
  6202 | D:5      | Reached XP level 9. HP: 69/69 MP: 18/18
  6463 | D:6      | Found a staircase to the Ecumenical Temple.
  6477 | Temple   | Entered the Ecumenical Temple
  6484 | Temple   | Became a worshipper of Makhleb the Destroyer
  6657 | D:7      | Found a basalt altar of Yredelemnul.
  6837 | D:6      | Killed Grinder
  6838 | D:6      | Reached skill level 5 in Throwing
  6838 | D:6      | Reached skill level 5 in Armour
  7148 | D:7      | Found a runed translucent door.
  7149 | D:7      | Noticed Joseph
  7152 | D:7      | Noticed dtburroughs's ghost (novice MiBe)
  7172 | D:7      | HP: 3/70 [Joseph/sling bullet (15)]
  7526 | D:6      | Found a runed translucent door.
  7529 | D:6      | Noticed Crazy Yiuf
  7533 | D:6      | Killed Crazy Yiuf
  7584 | D:7      | Killed Joseph
  7992 | D:7      | Found an opulent altar of Gozag.
  8154 | D:7      | Reached skill level 5 in Invocations
  8433 | D:7      | Slain by an orc warrior

Illustrated notes

Levels and vault maps discovered:
D:1:      tarquinn_simple_flora_water_f, layout_loops_ring, lemuel_old_faithful
D:2:      layout_basic, chequers_ecumenical_altar_simple
D:3:      layout_loops_ring, nzn_hepliaklqana_mist_gate, corexii_shack
D:4:      layout_rooms, minmay_distorted, uniq_blork_the_orc
D:5:      layout_basic, kennysheep_mini_moat, uniq_pikel, uniq_menkaure
D:6:      layout_gridville, minmay_temple_entry_butterflies,
          cheibrodos_sewer_entry_sluice, minmay_misc_feat_iff, uniq_grinder,
          uniq_crazy_yiuf_cottage
D:7:      layout_basic, overflow_temple_1_default, basic_altar,
          ebering_ghost_reflecting_pool, hangedman_decor_riveting, uniq_joseph
D:8:      layout_cave_pools, chequers_temple_overflow_statue_of_worship,
          enter_bailey_2, uniq_prince_ribbit1, uniq_psyche
Temple:   minmay_freezing_vapour_temple

Skill      XL: |  1  2  3  4  5  6  7  8  9 |
---------------+----------------------------+-----
Spellcasting   | 5 6 |  6.8
Invocations    | 1 2 3 4 5 |  5.0
Short Blades   | 1 2 3 4 |  4.5
Long Blades    | 1 2 3 4 |  4.5
Maces & Flails | 1 2 3 4 |  4.5
Polearms       | 1 2 3 4 |  4.5
Staves         | 1 2 3 4 |  4.5
Slings         | 1 2 3 4 |  4.5
Bows           | 1 2 3 4 |  4.5
Crossbows      | 1 2 3 4 |  4.5
Stealth        | 1 2 3 4 |  4.5
Shields        | 1 2 3 4 |  4.5
Unarmed Combat | 1 2 3 4 |  4.5
Evocations     | 1 2 3 4 |  4.5
Conjurations   | 1 2 3 |  3.7
Hexes          | 1 2 3 |  3.7
Summonings     | 1 2 3 |  3.7
Necromancy     | 1 2 3 |  3.7
Transmutations | 1 2 3 |  3.7
Fire Magic     | 1 2 3 |  3.7
Ice Magic      | 1 2 3 |  3.7
Air Magic      | 1 2 3 |  3.7
Earth Magic    | 1 2 3 |  3.7
Poison Magic   | 1 2 3 |  3.7
Throwing       | 3 4 5 |  5.3
Armour         | 3 4 5 |  5.3
Fighting       | 5 6 |  6.5
Axes           | 5 6 |  6.5
Dodging        | 5 6 |  6.5
Translocations | 6 |  6.7

Action                   |  1- 3 |  4- 6 |  7- 9 || total
-------------------------+-------+-------+-------++-------
Melee: Hand axe          |   131 |   169 |   160 ||   460
       Bite              |    13 |    19 |    46 ||    78
       Punch             |     1 |     2 |     2 ||     5
       Mace              |       |       |    86 ||    86
       Halberd           |       |       |    68 ||    68
Throw: Stone             |    14 |     3 |       ||    17
       Boomerang         |       |    34 |    31 ||    65
 Cast: Gell's Gravitas   |       |     9 |    22 ||    31
       Blink             |       |     3 |     2 ||     5
Evoke: Wand              |       |       |     3 ||     3
  Use: Scroll            |     1 |       |    16 ||    17
       Potion            |       |     2 |       ||     2
 Stab: Sleeping          |       |     1 |     1 ||     2
Armor: Leather armour    |    35 |    40 |       ||    75
       Ring mail         |       |    27 |   127 ||   154
Dodge: Dodged            |   106 |   200 |   312 ||   618
